 Dungeon Crawl Stone Soup version 0.17-a0-1521-gbe3fe00 (webtiles) character file.

1663 Chiseanne the Covered (level 8, -12/65 HPs)
             Began as a Demonspawn Wanderer on July 14, 2015.
             Mangled by an ogre
             ... wielding a +0 giant club
              (22 damage)
             ... on level 7 of the Dungeon.
             The game lasted 00:21:28 (7509 turns).

Chiseanne the Covered (Demonspawn Wanderer)         Turns: 7509, Time: 00:21:29

Health: -12/65     AC:  9    Str: 21    XL:     8   Next: 69%
Magic:  0/8        EV:  9    Int: 12    God:
Gold:   305        SH:  8    Dex: 13    Spells: 0 memorised, 7 levels left

rFire  . . .     SeeInvis .     L - +7 falchion "Giantslayer" {flame, *Drain rN++ Str+5}
rCold  . . .     Clarity  .     g - +0 ring mail
rNeg   + + +     SustAt   .     n - +0 shield
rPois  .         Gourm    +     (no helmet)
rElec  .         Spirit   +     (no cloak)
rCorr  .         Warding  .     (no gloves)
rMut   .         Stasis   .     (no boots)
MR     .....                    M - amulet of the gourmand
Stlth  +.........               (no ring)
                                C - ring of positive energy

@: not resistant to hostile enchantments, very unstealthy
A: claws 1, icy blue scales 2, magic shield
a: no special abilities


You were on level 7 of the Dungeon.
You were not hungry.

You visited 2 branches of the dungeon, and saw 8 of its levels.

You collected 319 gold pieces.
You spent 14 gold pieces at shops.

Inventory:

Hand weapons
 w - a +0 blowgun
 L - the +7 falchion "Giantslayer" (weapon) {flame, *Drain rN++ Str+5}
   (You found it on level 6 of the Dungeon)

   It has been specially enchanted to burn those struck by it, causing extra
   injury to most foes and up to half again as much damage against particularly
   susceptible opponents.
   Big, fiery blades are also staple armaments of hydra-hunters.
   It affects your strength (+5).
   It greatly protects you from negative energy.
   It causes draining when unequipped.
Missiles
 j - 49 poisoned needles
 p - 66 bolts
 u - 14 steel bolts
 v - 12 exploding sling bullets
 A - 50 sling bullets
Armour
 g - a +0 ring mail (worn)
 m - the +0 robe of the Camelopard {*Confuse rCorr Int+5}
   (You took it off an orc on level 4 of the Dungeon)

   It affects your intelligence (+5).
   It protects you from acid and corrosion.
   It may confuse you when you take damage.
 n - a +0 shield (worn)
Jewellery
 C - a ring of positive energy (left claw)
 M - an amulet of the gourmand (around neck)
Magical devices
 J - a wand of random effects (26)
 K - a wand of digging (15)
Scrolls
 d - 2 scrolls of remove curse
 k - a scroll of amnesia
 s - a scroll of teleportation
 E - 2 scrolls of fear
Potions
 c - 3 potions of lignification
 i - 2 potions of ambrosia
 r - a potion of might {unknown}
 x - a potion of haste {unknown}
 z - a potion of degeneration {unknown}
 B - a potion of flight {unknown}
 D - 2 potions of curing
 F - 2 potions of heal wounds
 G - a potion of cancellation {unknown}
 H - 2 potions of mutation
Books
 I - a book of Necromancy

   Spells                             Type                      Level
   a - Pain                           Necromancy                   1
   b - Animate Skeleton               Necromancy                   1
   c - Vampiric Draining              Necromancy                   3
   d - Regeneration                   Charms/Necromancy            3
   e - Animate Dead                   Necromancy                   4
   f - Control Undead                 Necromancy                   4
Comestibles
 f - 4 bread rations
 h - 2 beef jerkies
 l - a meat ration
 o - a slice of pizza
 q - 9 fruits


   Skills:
 * Level 6.6 Fighting
   Level 1.0 Polearms
   Level 1.7 Bows
 + Level 6.8 Armour
 - Level 4.8 Dodging
 - Level 2.6 Stealth
 * Level 0.6 Shields


You had 7 spell levels left.
You didn't know any spells.

Dungeon Overview and Level Annotations

Branches:
Dungeon (7/15)             Temple (1/1) D:5

Altars:
Ashenzari
Dithmenos
Fedhas
Makhleb
Nemelex Xobeh
Qazlal
Sif Muna
Xom
Zin
The Shining One
Lugonu

Shops:
D:6 *


Innate Abilities, Weirdness & Mutations

You have sharp fingernails.
You are mostly covered in icy blue scales (AC +3, EV -1).
When hurt, damage is shared between your health and your magic reserves.


Message History

You barely miss the ogre.
The ogre is moderately wounded.
The ogre barely misses you.
You barely miss the ogre.
The ogre is moderately wounded.
The ogre misses you.
You hit the ogre. You burn the ogre.
The ogre is moderately wounded.
The ogre hits you with a giant club!! The ogre closely misses you.
Your shield and ring mail prevent you from hitting the ogre.
The ogre is moderately wounded.
The ogre closely misses you.
Your shield prevents you from hitting the ogre.
The ogre is moderately wounded.
The ogre hits you with a giant club!
* * * LOW HITPOINT WARNING * * *
Your shield prevents you from hitting the ogre.
The ogre is moderately wounded.
The ogre hits you with a giant club!!
You die...

#.... .....##
.#..#.#..?..
..........#
##........#
.........# # #
#.......#.#
#.###.........#
#.##.............#
#......<(#..@O...#
########)#.......#
#.#.#.....#
#.....#.#.#..##
...............#
.#......#....#.#
#......###..#.#
....##### ##.#.#
....


You could see an ogre.

Vanquished Creatures
  Eustachio (D:5)
  2 water moccasins (D:6)
  A centaur (D:5)
  4 giant frogs
  Blork the orc (D:5)
  2 scorpions
  A wight (D:7)
  A crimson imp (D:5)
  A hound (D:4)
  A centaur skeleton (D:4)
  2 orc priests (D:4)
  3 orc wizards
  3 giant frog skeletons
  2 worker ants
  A worker ant zombie (D:5)
  12 adders
  3 gnolls (D:3)
  2 shadow imps (D:5)
  An ooze (D:5)
  2 adder skeletons
  6 worms
  6 giant geckos
  18 orcs
  3 ball pythons
  A bat skeleton (D:4)
  9 giant cockroaches
  10 hobgoblins
  14 bats
  A giant gecko skeleton (D:5)
  2 giant newts
  18 goblins
  3 jackals (D:5)
  A jackal skeleton (D:6)
  15 kobolds
  13 rats
166 creatures vanquished.

Notes
Turn   | Place    | Note
--------------------------------------------------------------
     0 | D:1      | Chiseanne the Demonspawn Wanderer began the quest for the Orb.
     0 | D:1      | Chiseanne set off with: a +2 shortbow, 29 arrows, 2 potions of lignification, a +0 robe, a +0 dagger, a bread ration
     0 | D:1      | Reached XP level 1. HP: 13/13 MP: 1/1
    83 | D:1      | Reached skill level 3 in Armour
    88 | D:1      | Gained mutation: You are partially covered in icy blue scales (AC +1). [demonic ancestry]
    88 | D:1      | Reached XP level 2. HP: 18/20 MP: 2/2
   591 | D:1      | Reached skill level 1 in Fighting
   659 | D:2      | Reached XP level 3. HP: 26/26 MP: 3/3
  1242 | D:2      | Reached XP level 4. HP: 23/32 MP: 4/4
  1554 | D:2      | Reached skill level 4 in Armour
  2271 | D:2      | Reached XP level 5. HP: 21/38 MP: 5/5
  3392 | D:3      | Found a shattered altar of Ashenzari.
  3396 | D:3      | Saw a vision of the Shoals and the Spider Nest.
  3396 | D:3      | Noticed a redback
  3396 | D:3      | Noticed a merfolk
  3396 | D:3      | Noticed a redback
  3396 | D:3      | Noticed a merfolk
  3396 | D:3      | Noticed a merfolk
  3396 | D:3      | Noticed a spider
  3396 | D:3      | Noticed a merfolk
  3396 | D:3      | Noticed a trapdoor spider
  3791 | D:4      | Reached skill level 5 in Armour
  3791 | D:4      | Gained mutation: When hurt, damage is shared between your health and your magic reserves. [demonic ancestry]
  3791 | D:4      | Reached XP level 6. HP: 35/46 MP: 6/6
  3904 | D:4      | Found a stormy altar of Qazlal.
  4309 | D:4      | Got an opalescent robe
  4484 | D:4      | Identified the +0 robe of the Camelopard {*Confuse rCorr Int+5} (You took it off an orc on level 4 of the Dungeon)
  5279 | D:5      | Entered Level 5 of the Dungeon
  5291 | D:5      | Gained mutation: You have sharp fingernails. [demonic ancestry]
  5291 | D:5      | Reached XP level 7. HP: 44/52 MP: 5/7
  5761 | D:5      | Found a shimmering altar of Xom.
  5772 | D:5      | Found a shimmering altar of Xom.
  5821 | D:5      | Reached skill level 6 in Armour
  5952 | D:5      | Noticed Eustachio
  5978 | D:5      | Killed Eustachio
  6070 | D:5      | Found a staircase to the Ecumenical Temple.
  6116 | D:5      | Noticed Blork the orc
  6128 | D:5      | Killed Blork the orc
  6128 | D:5      | Reached skill level 5 in Fighting
  6128 | D:5      | Gained mutation: You are mostly covered in icy blue scales (AC +3, EV -1). [demonic ancestry]
  6128 | D:5      | Reached XP level 8. HP: 57/62 MP: 6/8
  6223 | Temple   | Entered the Ecumenical Temple
  6953 | D:6      | Got a bloodstained falchion
  6963 | D:6      | Identified the +7 falchion "Giantslayer" {flame, *Drain rN++ Str+5} (You found it on level 6 of the Dungeon)
  7137 | D:6      | Found Vaiga's Serpentskin Sales.
  7164 | D:6      | Bought a potion of poison for 14 gold pieces
  7509 | D:7      | Mangled by an ogre

Vault maps used:
D:1:      dpeg_arrival_pond
D:2:      kennysheep_six_static_rooms, first_bread
D:3:      serial_glass, glass_columns_b, glass_columns_a, glass_columns_a,
          glass_columns_a, glass_columns_a, glass_columns_a, glass_columns_c,
          glass_columns_b, grunt_ashenzari_visionary
D:4:      kennysheep_mini
D:5:      temple_fountains, xom_redecorated, uniq_blork_the_orc, uniq_eustachio
D:6:      corner_web_ring, guppyfry_shop_venom
D:7:      serial_undead, serial_undead_a, serial_undead_c, serial_undead_c,
          serial_undead_a, grunt_livestock, nicolae_gozag_seed_capital
Temple:   corrupted_temple

Action                   |  1- 3 |  4- 6 |  7- 9 || total
-------------------------+-------+-------+-------++-------
Melee: Dagger            |    46 |   200 |       ||   246
       Morningstar       |       |    25 |    73 ||    98
       Rapier            |       |       |    61 ||    61
       Falchion          |       |       |    34 ||    34
 Fire: Shortbow          |    70 |   242 |    31 ||   343
       Blowgun           |       |       |    30 ||    30
Throw: Tomahawk          |       |     2 |       ||     2
  Use: Scroll            |       |    13 |     1 ||    14
       Potion            |       |     1 |       ||     1
 Stab: Sleeping          |       |     1 |       ||     1
  Eat: Chunk             |     1 |    13 |    14 ||    28
